Description

TvZ Oliveira vs Reynor

Replay - 20230211 - GAME 4 - Reynor vs Oliveira - ZvT - Gresvan

Build Order

Get SALT Encoding   

  12  0:00  SCV  
  13  0:12  SCV  
  14  0:17  Supply Depot  
  14  0:24  SCV  
  15  0:39  SCV  
  15  0:41  Barracks  
  16  0:44  Refinery  
  16  0:51  SCV  
  17  1:03  SCV  
  18  1:15  SCV  
  19  1:28  Orbital Command, Reaper  
  20  1:39  Command Center  
  20  1:53  Supply Depot  
  21  1:54  SCV  
  21  1:59  Marine  
  22  2:06  SCV  
  23  2:17  Factory  
  23  2:18  SCV  
  23  2:21  Barracks Reactor  
  25  2:40  Command Center  
  26  2:51  Orbital Command  
  27  3:02  Starport  
  27  3:08  Refinery  
  28  3:14  Hellion x2  
  34  3:22  Marine  
  37  3:35  Hellion x2  
  37  3:40  Liberator  
  46  3:49  Barracks Tech Lab  
  46  3:53  Orbital Command  
  47  4:00  Hellion x2  
  52  4:05  Supply Depot  
  52  4:09  Stimpack  
  53  4:11  Marine  
  58  4:26  Barracks x2  
  59  4:31  Factory Reactor  
  59  4:32  Starport Reactor  
  59  4:34  Marine  
  62  4:41  Supply Depot  
  64  4:49  Engineering Bay x2  
  65  4:54  Marine  
  65  4:55  Refinery x2  
  68  5:03  Supply Depot  
  71  5:15  Marine x3  
  71  5:16  Barracks x2  
  71  5:17  Factory Tech Lab  
  71  5:18  Terran Infantry Weapons Level 1  
  71  5:19  Terran Infantry Armor Level 1  
  74  5:24  Marine x2  
  76  5:31  Bunker  
  78  5:36  Siege Tank  
  78  5:40  Medivac  
  78  5:42  Orbital Command  
  85  5:47  Medivac  
  93  6:04  Barracks Tech Lab, Barracks Reactor  
  96  6:11  Siege Tank  
  96  6:12  Refinery x2  
  96  6:16  Combat Shield  
  100  6:25  Armory  
  104  6:28  Factory  
  109  6:51  Marauder  
  109  6:52  Siege Tank  
  113  7:03  Command Center  
  113  7:08  Marauder  
  111  7:17  Factory Tech Lab  
  111  7:22  Terran Infantry Weapons Level 2, Terran Infantry Armor Level 2  
  114  7:25  Medivac x2  
  119  7:34  Siege Tank  
  123  7:42  Siege Tank  
  127  7:46  Terran Vehicle Weapons Level 1  
  131  7:54  Marauder  
  133  8:01  Marauder  
  133  8:04  Medivac x2  
  141  8:10  Siege Tank  
  145  8:17  Siege Tank  
  151  8:22  Marauder  
  146  8:33  Marauder  
  148  8:37  Orbital Command  
  150  8:43  Marauder  
  150  8:46  Siege Tank  
  156  8:54  Marauder  
  156  8:55  Sensor Tower x2  
  159  9:02  Siege Tank  
  164  9:05  Marauder  
  168  9:15  Concussive Shells  
  168  9:16  Marauder  
  170  9:19  Liberator x2  
  170  9:20  Siege Tank  
Spawning Tool Build Advisor. Get it on Overwolf

Go to:

Details

  • Created by: Mark_Cedrik
  • Published on: Feb 12, 2023
  • Modified on: Feb 12, 2023
  • Patch: 5.0.11
  • Difficulty: Medium
Show
View Real Time Build Order
Export as new Build Order

Comments (0)

There are no comments. Be the first!

Create an account to comment!